AoeStats
← falcon_br

Migration

510170202Analyzed
1v1 RM · 2d ago on Sep 29, 2026· 31m 47s· 2 players
Game mode
Random Map
Map size
132×132
Population
200
Speed
Normal
Resources
Standard
Victory
Conquest
Starting age
Dark Age
Ending age
Imperial Age
RankedLock teamsTeams togetherTeam positionsShared explorationLock speedFull tech treeHidden civsTurbo modeCheats
Victory
Defeat
🇬🇪 Italians · Georgia
1078
+18
🇧🇷 Vikings · Brazil
1126
-18
dambo
0:36 Loom
13:20 Feudal Age
13:50 Town Watch
13:29 Man-at-Arms
13:58 Fishing Lines
14:40 Double-Bit Axe
16:57 Wheelbarrow
16:29 Arson
20:27 Gold Mining
23:02 Castle Age
21:52 Stone Mining
23:22 Elite Skirmisher
24:08 Thumb Ring
24:25 Medium Warships
24:06 Gillnets
24:37 Bow Saw
24:49 Husbandry
25:09 Fletching
25:19 Padded Archer Armor
26:37 Pikeman
27:10 Treadmill Crane
27:27 Murder Holes
30:53 Bodkin Arrow
31:42 Stone Shaft Mining
falcon_br
3:35 Loom
10:52 Feudal Age
11:37 Double-Bit Axe
12:54 Loom
18:13 Castle Age
16:28 Fletching
16:39 Padded Archer Armor
18:27 Crossbowman
19:09 Bodkin Arrow
Connection lost

Rejoining the realm…

Still unreachable

The connection could not be restored.

Session expired

The server has moved on; the page needs a fresh start.